 Dungeon Crawl Stone Soup version 0.21-a0-369-g397cdb2 (webtiles) character file.

163 teron the Caller (level 5, -6/28 HPs)
             Began as a Kobold Summoner on Sept 25, 2017.
             Killed from afar by p0werm0de's ghost (12 damage)
             ... with a flame tongue
             ... on level 3 of the Dungeon on Oct 15, 2017.
             The game lasted 00:10:08 (2141 turns).

teron the Caller (Kobold Summoner)                  Turns: 2141, Time: 00:10:09

Health: -6/28      AC:  3    Str:  6    XL:     5   Next: 72%
Magic:  1/10       EV: 15    Int: 17    God:
Gold:   130        SH:  0    Dex: 15    Spells: 8/11 levels left

rFire    . . .     SeeInvis .   m - +3 dagger (elec)
rCold    . . .     Gourm    .   (shield restricted)
rNeg     . . .     Faith    .   e - +0 robe
rPois    .         Spirit   .   (no helmet)
rElec    .         Reflect  .   (no cloak)
rCorr    .         Harm     .   d - +0 pair of gloves (curse)
MR       .....                  (no boots)
Stlth    ++........             (no amulet)
HPRegen  0.09/turn              (no ring)
MPRegen  0.12/turn              (no ring)

@: no status effects
A: carnivore 3
a: no special abilities


You were on level 3 of the Dungeon.
You were very full.

You visited 1 branch of the dungeon, and saw 3 of its levels.

You collected 130 gold pieces.

Inventory:

Hand Weapons
 k - a +0 dagger
 m - a +3 dagger of electrocution (weapon)
Armour
 a - a +0 robe
 d - a cursed +0 pair of gloves (worn)
 e - a +0 robe (worn)
Jewellery
 s - an uncursed amulet of harm {unknown}
Scrolls
 l - a scroll of fear {unknown}
 n - 3 scrolls of remove curse {unknown}
 o - a scroll of enchant armour {unknown}
 p - a scroll of identify {unknown}
Potions
 f - a potion of berserk rage {unknown}
 g - 2 potions of curing
 h - a potion of mutation {unknown}
 i - 2 potions of degeneration {unknown}
 j - a potion of lignification {unknown}
 r - 3 potions of brilliance {unknown}
Books
 b - a book of Callings

   Spells                             Type                      Level
   a - Summon Small Mammal            Summoning                    1
   b - Call Imp                       Summoning                    2
   c - Call Canine Familiar           Summoning                    3
   d - Summon Guardian Golem          Hexes/Summoning              3
   e - Summon Lightning Spire         Summoning/Air                4
   f - Summon Ice Beast               Ice/Summoning                4
Comestibles
 c - a meat ration
 q - a royal jelly


   Skills:
 + Level 0.5 Fighting
 * Level 2.3 Short Blades
 + Level 2.8 Dodging
 + Level 3.6 Stealth
 - Level 0.2 Unarmed Combat
 + Level 3.6 Spellcasting
 + Level 4.8 Summonings


You had 8 spell levels left.
You knew the following spells:

 Your Spells              Type           Power        Failure   Level  Hunger
a - Summon Small Mammal   Summ           ###.         2%          1    None
b - Call Imp              Summ           ###.....     3%          2    ##.....


Dungeon Overview and Level Annotations

Branches:
Dungeon (3/15)

Altars:
Gozag
Kikubaaqudgha

Annotations:
D:3 p0werm0de's ghost, amateur DsFE


Innate Abilities, Weirdness & Mutations

You are small and have problems with some larger weapons.
You are carnivorous and can eat meat at any time.


Message History

* * * LOW HITPOINT WARNING * * *
You closely miss p0werm0de's ghost.
P0werm0de's ghost is moderately damaged.
Your crimson imp hits the hobgoblin.
Your white imp hits p0werm0de's ghost.
Your white imp freezes p0werm0de's ghost.
P0werm0de's ghost gestures at you while chanting.
The flame tongue misses you.
You hit p0werm0de's ghost but do no damage.
P0werm0de's ghost is heavily damaged.
Your crimson imp hits the hobgoblin.
The hobgoblin dies!
Your white imp hits p0werm0de's ghost but does no damage.
P0werm0de's ghost barely misses you.
You hit p0werm0de's ghost but do no damage.
Lightning courses through p0werm0de's ghost!
P0werm0de's ghost is almost destroyed.
Your white imp closely misses p0werm0de's ghost.
P0werm0de's ghost gestures at you while chanting.
The flame tongue hits you!
You die...

##### #...# # #.#.# #
#.#.############ #
#5#....§Wg5....###
#######W##########......
#r.....@5...............
##....#.....######......
#....#.....# #...%....
#### #.....# #.#......
#....$# #.#......
##.(### #........ ##.#
######### #.# .#


You could see p0werm0de's ghost, a rat (sleeping), a friendly crimson imp and a
friendly white imp.

Vanquished Creatures
  2 orc wizards (D:2)
  An orc priest (D:2)
  3 adders (D:2)
  An ooze (D:3)
  A leopard gecko (D:2)
  A bat skeleton (D:2)
  4 bat zombies (D:2)
  A giant cockroach (D:3)
  2 goblins (D:2)
  A hobgoblin (D:2)
  3 kobolds
  A bat (D:2)
  A frilled lizard (D:2)
  A rat (D:3)
23 creatures vanquished.

Vanquished Creatures (collateral kills)
  An adder (D:2)
  An ooze (D:1)
  A worm (D:2)
  A leopard gecko (D:1)
  2 giant cockroaches
  5 goblins
  5 hobgoblins
  3 kobolds (D:1)
  2 bats (D:1)
  A frilled lizard (D:1)
  5 rats (D:1)
27 creatures vanquished.

Grand Total: 50 creatures vanquished

Notes
Turn   | Place    | Note
-------+----------+-------------------------------------------
     0 | D:1      | teron the Kobold Summoner began the quest for the Orb.
     0 | D:1      | Reached XP level 1. HP: 10/10 MP: 3/3
   438 | D:1      | Reached XP level 2. HP: 13/15 MP: 1/5
   442 | D:1      | Learned a level 2 spell: Call Imp
   949 | D:2      | Reached XP level 3. HP: 19/19 MP: 0/7
  1108 | D:2      | Found an ancient bone altar of Kikubaaqudgha.
  1115 | D:2      | Reached XP level 4. HP: 24/24 MP: 3/8
  1190 | D:2      | Reached skill level 1 in Short Blades
  1204 | D:2      | Reached XP level 5. HP: 16/28 MP: 6/10
  1797 | D:2      | Found an opulent altar of Gozag.
  2025 | D:3      | Upgraded the game from 0.21-a0-286-g6fcecc0 to 0.21-a0-369-g397cdb2
  2092 | D:3      | Noticed p0werm0de's ghost (amateur DsFE)
  2141 | D:3      | Killed from afar by p0werm0de's ghost

Vault maps used:
D:1:      dpeg_arrival_water_fire
D:2:      grunt_gozag_breadcrumbs, kennysheep_vampire_church, serial_glass,
          glass_columns_c, glass_columns_a
D:3:      wad_lake_hut, lemuel_coloured_pillars_altar,
          nicolae_tso_swordbearing_angel

Skill      XL: |  1  2  3  4  5 |
---------------+----------------+-----
Spellcasting   | 3 |  3.6
Short Blades   | 1 2 |  2.3
Stealth        | 3 |  3.6
Fighting       | |  0.5
Dodging        | |  2.8
Unarmed Combat | |  0.2
Summonings     | |  4.8

Action                   |  1- 3 |  4- 6 || total
-------------------------+-------+-------++-------
Melee: Unarmed           |    22 |       ||    22
       Dagger            |    12 |    51 ||    63
 Cast: Summon Small Mamm |    55 |    13 ||    68
       Call Imp          |       |     3 ||     3
  Use: Scroll            |     2 |       ||     2
       Potion            |       |     1 ||     1
 Stab: Sleeping          |     3 |     5 ||     8
       Distracted        |     1 |     1 ||     2
  Eat: Chunk             |     9 |     3 ||    12
Armor: Robe              |    12 |     7 ||    19
Dodge: Dodged            |    59 |    34 ||    93

Table legend:
 A = Spawn XP
 B = Non-spawn XP
 C = Spawn XP percentage of total XP
 D = Spawn monster count
 E = Non-spawn monster count
 F = Spawn count percentage of total count
 G = Total turns spent on level
                    A         B        C        D         E        F      G
               +---------+---------+-------+---------+---------+-------+---------
         Total |       0 |     233 |   0.0 |       0 |      50 |   0.0 |  2141
               +---------+---------+-------+---------+---------+-------+---------
           D:1 |       0 |      25 |   0.0 |       0 |      20 |   0.0 |   894
           D:2 |       0 |     195 |   0.0 |       0 |      25 |   0.0 |  1130
           D:3 |       0 |      13 |   0.0 |       0 |       5 |   0.0 |   117
               +---------+---------+-------+---------+---------+-------+---------
